 Dungeon Crawl Stone Soup version 0.13-a0-3110-gf6e36dc (webtiles) character file.

294 PolkaDot the Ruinous (level 4, -5/26 (28) HPs)
             Began as a Vampire Wizard on Sept 20, 2013.
             Slain by Crazy Yiuf
             ... wielding a +2,+4 quarterstaff of chaos
              (11 damage)
             ... on Level 3 of the Dungeon.
             The game lasted 00:08:02 (1844 turns).

PolkaDot the Ruinous (Vampire Wizard)               Turns: 1844, Time: 00:08:03

HP  -5/26 (28)   AC  2     Str  6      XL: 4   Next: 37%
MP   3/12        EV 12     Int 21      God:
Gold 201         SH  0     Dex  9 (10) Spells:  3 memorised,  2 levels left

Res.Fire  : . . .   See Invis. : +   l - -1,+0 spear (curse)
Res.Cold  : . . .   Warding    : .   a - +0 robe
Life Prot.: . . .   Conserve   : .   (no shield)
Res.Poison: .       Res.Corr.  : .   b - +0 wizard hat
Res.Elec. : .       Clarity    : .   (no cloak)
Sust.Abil.: . .     Spirit.Shd : .   (no gloves)
Res.Mut.  : .       Stasis     : .   (no boots)
Res.Rott. : .       Flight     : .   (no amulet)
Saprovore : . . .                    (no ring)
                                     m - cursed -2 ring of dexterity

@: regenerating quickly, very slightly contaminated, slightly resistant to
hostile enchantments, fairly stealthy
A: fangs 3, see invisible, deterioration 1, unbreathing
a: no special abilities


You were on level 3 of the Dungeon.
You were full.

You visited 1 branch of the dungeon, and saw 3 of its levels.

You collected 181 gold pieces.

Inventory:

Hand weapons
 f - a +0,+0 short sword
 l - a cursed -1,+0 spear (weapon)
Armour
 a - a +0 robe (worn)
 b - a +0 wizard hat (worn)
Scrolls
 g - 3 scrolls of teleportation
 i - a scroll of remove curse {unknown}
 j - a scroll of fear {unknown}
 k - a scroll of random uselessness {unknown}
Jewellery
 m - a cursed -2 ring of dexterity (left hand)
Potions
 d - a potion of blood
 h - 2 potions of curing
Books
 c - a book of Minor Magic

   Spells                             Type                      Level
   *Magic Dart                        Conjuration                  1
   Blink                              Translocation                2
   Call Imp                           Summoning                    2
   Repel Missiles                     Charms/Air                   2
   Slow                               Hexes                        2
   *Conjure Flame                     Conjuration/Fire             3
   *Mephitic Cloud                    Conjuration/Poison/Air       3


   Skills:
 - Level 2.1 Dodging
 - Level 3.0 Stealth
 - Level 3.0 Spellcasting
 * Level 3.1 Conjurations
   Level 1.0 Summonings
   Level 0.7 Translocations


You had 2 spell levels left.
You knew the following spells:

 Your Spells              Type           Power        Failure   Level  Hunger
a - Magic Dart            Conj           ###.         4%          1    None
d - Mephitic Cloud        Conj/Pois/Air  #.......     30%         3    ###....
s - Conjure Flame         Conj/Fire      #.......     24%         3    ###....


Dungeon Overview and Level Annotations

Branches:
Dungeon (3/27)

Altars:

Annotations:
D:3 Crazy Yiuf


Innate Abilities, Weirdness & Mutations

Your natural rate of healing is unusually fast.
You have razor-sharp teeth.*
You have supernaturally acute eyesight.
You can survive without breathing.*
Your body is slowly deteriorating.+


Message History

Crazy Yiuf appears confused.
Crazy Yiuf scratches his head thoughtfully.
Crazy Yiuf barely misses you.
You hit Crazy Yiuf but do no damage. You bite Crazy Yiuf, but do no damage.
Crazy Yiuf is lightly wounded.
Crazy Yiuf says, "My, my head's in a spin!"
You hit Crazy Yiuf.
Crazy Yiuf is moderately wounded.
You hit Crazy Yiuf but do no damage.
Crazy Yiuf is moderately wounded.
You hit Crazy Yiuf but do no damage.
Crazy Yiuf is moderately wounded.
You hit Crazy Yiuf.
Crazy Yiuf is heavily wounded.
You hit Crazy Yiuf.
Crazy Yiuf is heavily wounded.
Crazy Yiuf hits you with a quarterstaff of chaos!
* * * LOW HITPOINT WARNING * * *
You are electrocuted!
You die...

#.##..#
♣♣♣...♣♣
#.##..#
♣♣♣♣.♣♣♣
#.##..######
♣♣♣♣.♣♣
#.##...%...#
♣♣♣.♣♣♣
#.....######
♣♣♣.♣♣♣
#..####
♣♣.♣♣♣ #..#
##+##♣ #..#
#g..# #..#
#.@.#
#..#####..
#)..#
#......<...
#####
..######.#
### # # ####


You could see Crazy Yiuf (confused).

Vanquished Creatures
  Ijyb (D:2)
  3 adders
  A worm (D:2)
  An ooze (D:2)
  2 ball pythons (D:1)
  4 giant cockroaches
  3 goblins
  A hobgoblin (D:2)
  8 kobolds
  2 quokkas (D:2)
  6 bats
  A giant newt (D:1)
  2 jackals (D:1)
  8 rats
43 creatures vanquished.

Notes
Turn   | Place    | Note
--------------------------------------------------------------
     0 | D:1      | PolkaDot, the Vampire Wizard, began the quest for the Orb.
     0 | D:1      | Reached XP level 1. HP: 11/11 MP: 6/6
   116 | D:1      | Reached skill level 1 in Conjurations
   323 | D:1      | Reached XP level 2. HP: 15/17 MP: 5/8
   763 | D:1      | Reached XP level 3. HP: 22/22 MP: 3/10
  1149 | D:2      | Learned a level 3 spell: Conjure Flame
  1178 | D:2      | Learned a level 3 spell: Mephitic Cloud
  1451 | D:2      | Noticed Ijyb
  1472 | D:2      | Killed Ijyb
  1472 | D:2      | Reached XP level 4. HP: 28/28 MP: 6/12
  1821 | D:3      | Noticed Crazy Yiuf
  1837 | D:3      | Gained mutation: Your body is slowly deteriorating. [potion of mutation]
  1844 | D:3      | Slain by Crazy Yiuf

Action                   |  1- 3 |  4- 6 || total
-------------------------+-------+-------++-------
Melee: Unarmed           |     3 |       ||     3
       Dagger            |     8 |       ||     8
       Spear             |       |    15 ||    15
 Cast: Magic Dart        |    84 |    24 ||   108
       Conjure Flame     |     2 |       ||     2
       Mephitic Cloud    |     1 |     2 ||     3
  Use: Potion            |     2 |     2 ||     4
       Scroll            |       |     3 ||     3
 Stab: Confused          |     3 |       ||     3
       Sleeping          |     1 |       ||     1
